 Dungeon Crawl Stone Soup version 0.17.0 (webtiles) character file.

54 Softman25 the Sneak (level 3, -7/25 HPs)
             Began as a Vampire Enchanter on Jan 1, 2016.
             Mangled by Crazy Yiuf
             ... wielding a +3 quarterstaff of chaos
              (8 damage)
             ... while paralysed by Crazy Yiuf
             ... on level 2 of the Dungeon.
             The game lasted 00:06:39 (1876 turns).

Softman25 the Sneak (Vampire Enchanter)             Turns: 1876, Time: 00:06:39

Health: -7/25      AC:  3    Str:  7    XL:     3   Next: 66%
Magic:  2/6        EV:  2    Int: 17    God:
Gold:   79         SH:  0    Dex: 20    Spells: 2 memorised, 3 levels left

rFire  . . .     SeeInvis +     a - +1 dagger
rCold  + + .     Clarity  .     b - +1 robe
rNeg   + + +     SustAt   .     (no shield)
rPois  +         Gourm    .     (no helmet)
rElec  .         Spirit   .     (no cloak)
rCorr  .         Warding  .     (no gloves)
rMut   .         Stasis   .     (no boots)
MR     .....                    (no amulet)
Stlth  ++++......               (no ring)
                                f - +5 ring of dexterity

@: paralysed, very slightly contaminated, regenerating slowly, hasted, not
resistant to hostile enchantments, stealthy
A: fangs 3, see invisible, unbreathing
a: Bat Form


You were on level 2 of the Dungeon.
You were near bloodless.

You visited 1 branch of the dungeon, and saw 2 of its levels.

You collected 79 gold pieces.

Inventory:

Hand Weapons
 a - a +1 dagger (weapon)
Armour
 b - a +1 robe (worn)
Jewellery
 f - a +5 ring of dexterity (left hand)
Scrolls
 i - a scroll of remove curse {unknown}
 j - a scroll of fog {unknown}
 k - a scroll of amnesia {unknown}
Potions
 d - a potion of blood
 e - a potion of lignification {unknown}
 g - 2 potions of haste {unknown}
 h - a potion of degeneration {unknown}
Books
 c - a book of Maledictions

   Spells                             Type                      Level
   a - Corona                         Hexes                        1
   b - Ensorcelled Hibernation        Hexes/Ice                    2
   c - Confuse                        Hexes                        3
   d - Tukima's Dance                 Hexes                        3
   e - Dazzling Spray                 Conjuration/Hexes            3


   Skills:
 + Level 0.6 Fighting
 * Level 2.1 Short Blades
 - Level 2.1 Dodging
 * Level 6.1 Stealth
 - Level 2.0 Spellcasting
 - Level 4.4 Hexes
 + Level 0.4 Ice Magic


You had 3 spell levels left.
You knew the following spells:

 Your Spells              Type           Power        Failure   Level  Hunger
a - Corona                Hex            ###....      3%          1    #......
b - Ensorcelled Hibernat  Hex/Ice        #.....       14%         2    ###....


Dungeon Overview and Level Annotations

Branches:
Dungeon (2/15)

Altars:
Xom

Annotations:
D:2 Crazy Yiuf


Innate Abilities, Weirdness & Mutations

You heal slowly.
You have razor-sharp teeth.
You have supernaturally acute eyesight.
You can survive without breathing.


Message History

Crazy Yiuf is moderately wounded.
Crazy Yiuf hits you with a quarterstaff of chaos.
You feel yourself speed up.
You are very lightly contaminated with residual magic.
You hit Crazy Yiuf but do no damage.
Crazy Yiuf is moderately wounded.
You hit Crazy Yiuf.
Crazy Yiuf is heavily wounded.
Crazy Yiuf closely misses you.
You hit Crazy Yiuf.
Crazy Yiuf is heavily wounded.
You hit Crazy Yiuf.
Crazy Yiuf is severely wounded.
Crazy Yiuf hits you with a quarterstaff of chaos.
You suddenly lose the ability to move!
Crazy Yiuf hits you with a quarterstaff of chaos!
Ouch! That really hurt!
* * * LOW HITPOINT WARNING * * *
You convulse!
You die...

#....#
#....#
♣....♣
♣...♣♣
♣♣.♣♣
♣.♣♣
♣♣.♣
♣.♣♣
♣♣@♣
#g#
...
#...#
#..)#
#####


You could see Crazy Yiuf.

Vanquished Creatures
  Ijyb (D:2)
  A giant gecko (D:1)
  6 bats (D:1)
  A giant cockroach (D:1)
  A hobgoblin (D:1)
  A ball python (D:2)
  A giant newt (D:1)
  3 goblins (D:1)
  7 kobolds
  4 rats
26 creatures vanquished.

Notes
Turn   | Place    | Note
--------------------------------------------------------------
     0 | D:1      | Softman25 the Vampire Enchanter began the quest for the Orb.
     0 | D:1      | Reached XP level 1. HP: 13/13 MP: 3/3
   723 | D:1      | Reached skill level 5 in Stealth
   745 | D:1      | Reached XP level 2. HP: 17/19 MP: 5/5
   781 | D:1      | Found a shimmering altar of Xom.
  1127 | D:1      | Learned a level 2 spell: Ensorcelled Hibernation
  1255 | D:2      | Noticed Ijyb
  1287 | D:2      | Killed Ijyb
  1287 | D:2      | Reached skill level 6 in Stealth
  1287 | D:2      | Reached XP level 3. HP: 8/25 MP: 1/6
  1865 | D:2      | Noticed Crazy Yiuf
  1875 | D:2      | Paralysed by Crazy Yiuf for 4 turns
  1876 | D:2      | HP: 1/25 [Crazy Yiuf/quarterstaff of chaos (15)]
  1876 | D:2      | Mangled by Crazy Yiuf

Action                   || total
-------------------------++-------
Melee: Dagger            ||   107
 Cast: Corona            ||     3
       Ensorcelled Hiber ||     5
 Stab: Sleeping          ||     8
